 Dungeon Crawl Stone Soup version 0.30-a0-618-gd6c86c23d0 (webtiles) character file.

Game seed: 3056066297805360346

599 bmack86 the Trooper (level 7, -18/63 HPs)
             Began as a Minotaur Fighter on Jan 9, 2023.
             Demolished by a two-headed ogre
             ... wielding a +0 giant spiked club
              (20 damage)
             ... on level 5 of the Dungeon.
             The game lasted 00:09:45 (2965 turns).

bmack86 the Trooper (Minotaur Fighter)              Turns: 2965, Time: 00:09:46

Health: -18/63     AC:  9    Str: 29    XL:     7   Next: 17%
Magic:  6/6        EV: 14    Int:  5    God:
Gold:   202        SH:  4    Dex:  9    Spells: 6/6 levels left

rFire   . . .      SeeInvis .    a - +0 war axe
rCold   . . .      Faith    .    c - +0 buckler
rNeg    . . .      Spirit   .    b - +0 scale mail
rPois   .          Reflect  .    (helmet restricted)
rElec   .          Harm     .    (no cloak)
rCorr   .          Rampage  .    e - +1 pair of gloves
Will    .....                    (no boots) Stlth
                                 s - amulet of the acrobat
HPRegen 0.30/turn                l - +6 ring of strength
MPRegen 0.10/turn                t - +5 ring of evasion

@: mighty
A: horns 2, retaliatory headbutt
a: no special abilities


You were on level 5 of the Dungeon.
You visited 1 branch of the dungeon, and saw 5 of its levels.

You collected 202 gold pieces.

Inventory:

Hand Weapons
 a - a +0 war axe (weapon)
Missiles
 k - a silver boomerang (quivered)
 v - 2 javelins
Armour
 b - a +0 scale mail (worn)
 c - a +0 buckler (worn)
 e - a +1 pair of gloves (worn)
Jewellery
 l - a +6 ring of strength (left hand)
 s - an amulet of the acrobat (around neck)
 t - a +5 ring of evasion (right hand)
Wands
 q - a wand of flame (11)
Scrolls
 f - 5 scrolls of teleportation
 m - a scroll of blinking
 u - a scroll of amnesia
Potions
 g - 4 potions of degeneration
 h - 4 potions of haste
 i - a potion of mutation
 j - a potion of attraction {unknown}
 n - a potion of invisibility {unknown}
 o - 2 potions of brilliance
 p - 2 potions of curing
 r - 2 potions of lignification {unknown}
 w - a potion of ambrosia {unknown}


   Skills:
 * Level 6.0 Fighting
 * Level 5.6 Axes
 + Level 2.5 Throwing
 + Level 5.0 Armour
 + Level 4.9 Shields


You had 6 spell levels left.
You didn't know any spells.
Your spell library contained the following spells:

 Spells                   Type           Power      Damage    Failure   Level
 Foxfire                  Conj/Fire      0%         2x1d4     80%         1
 Kiss of Death            Conj/Necr      0%         2d5       80%         1
 Confusing Touch          Hex            0%         N/A       99%         3
 Tukima's Dance           Hex            0%         N/A       99%         3
 Dispel Undead            Necr           0%         3d6       100%        4
 Passage of Golubria      Tloc           0%         N/A       100%        4
 Fireball                 Conj/Fire      0%         3d3       100%        5
 Yara's Violent Unravell  Hex/Tmut       0%         3d3       100%        5
 Starburst                Conj/Fire      0%         6d3       100%        6


Dungeon Overview and Level Annotations

Branches:
Dungeon (5/15)
 Temple: D:4-7

Altars:


Innate Abilities, Weirdness & Mutations

You have a pair of horns on your head.
You reflexively headbutt those who attack you in melee.


Message History

A two-headed ogre and a steam dragon come into view.
The steam dragon hisses angrily.
You hear a shout!
An orc comes into view. It is wielding a +0 short sword.
You hear a shout!
There is a stone staircase leading up here.
The orc misses you. You furiously retaliate!
You headbutt the orc.
There is a stone staircase leading up here.
The orc attacks as you move away! The orc completely misses you.
You barely miss the orc. You headbutt the orc.
The orc is moderately wounded.
The orc completely misses you.
You closely miss the orc.
The orc is moderately wounded.
The orc barely misses you.
You barely miss the two-headed ogre. The two-headed ogre barely misses you.
You furiously retaliate!
You headbutt the two-headed ogre.
The two-headed ogre hits you with a +0 giant club!
You hit the two-headed ogre. You headbutt the two-headed ogre!
The two-headed ogre is moderately wounded.
The two-headed ogre closely misses you. You furiously retaliate!
You headbutt the two-headed ogre!
The two-headed ogre completely misses you.
You hit the two-headed ogre but do no damage.
The two-headed ogre is heavily wounded.
An orc comes into view. It is wielding a +0 whip.
You hit the two-headed ogre but do no damage.
The two-headed ogre is heavily wounded.
The two-headed ogre barely misses you. x2
You barely miss the two-headed ogre.
The two-headed ogre is heavily wounded.
The two-headed ogre hits you with a +0 giant spiked club!!
You block the two-headed ogre's attack.
You feel very mighty all of a sudden. You block the two-headed ogre's attack.
The two-headed ogre hits you with a +0 giant club!!
* * * LOW HITPOINT WARNING * * *
You slash the two-headed ogre!
The two-headed ogre is severely wounded.
The two-headed ogre hits you with a +0 giant spiked club!!
You die...

#.# #.# # #.. #. #.#
#.##.###.# #..#
####......#.# #..# # ...
#@#.# #..# .# ..
#O#.####..##.
#.###o#))........
...#.O.oD#.####..###
............####..#
#...###..#........########
##. .................#..'.
#############.##.##))#.
#.#.######.


You could see a two-headed ogre, a steam dragon and 2 orcs.

Vanquished Creatures
  An ogre (D:5)
  A phantom (D:5)
  2 scorpions
  A necrophage (D:4)
  A hound (D:4)
  Jessica (D:2)
  An iguana (D:5)
  An orc wizard (D:5)
  9 adders
  A white imp (D:5)
  A worm (D:3)
  A dart slug (D:2)
  3 orcs
  4 bats
  7 endoplasms
  A giant cockroach (D:1)
  6 goblins
  5 hobgoblins
  3 kobolds
  5 quokkas
  8 ball pythons
  2 frilled lizards
  4 rats
69 creatures vanquished.

Notes
Turn   | Place    | Note
-------+----------+-------------------------------------------
     0 | D:1      | bmack86 the Minotaur Fighter began the quest for the Orb.
     0 | D:1      | Reached XP level 1. HP: 19/19 MP: 0/0
   231 | D:1      | Reached XP level 2. HP: 27/27 MP: 1/1
   336 | D:1      | Reached skill level 4 in Fighting
   440 | D:1      | Found a faded altar of an unknown god.
   722 | D:2      | Reached XP level 3. HP: 33/33 MP: 2/2
  1148 | D:2      | Reached skill level 1 in Throwing
  1188 | D:2      | Noticed Jessica
  1191 | D:2      | Killed Jessica
  1192 | D:2      | Reached XP level 4. HP: 41/41 MP: 3/3
  1866 | D:3      | Reached XP level 5. HP: 47/47 MP: 4/4
  1982 | D:4      | Reached skill level 5 in Fighting
  2249 | D:4      | Reached XP level 6. HP: 56/56 MP: 5/5
  2612 | D:5      | Entered Level 5 of the Dungeon
  2701 | D:5      | Reached skill level 5 in Axes
  2890 | D:5      | Reached skill level 6 in Fighting
  2890 | D:5      | Reached XP level 7. HP: 63/63 MP: 6/6
  2932 | D:5      | Reached skill level 5 in Armour
  2947 | D:5      | Noticed a two-headed ogre
  2947 | D:5      | Noticed a steam dragon
  2964 | D:5      | HP: 1/63 [two-headed ogre/+0 giant spiked club (19)]
  2965 | D:5      | Demolished by a two-headed ogre

Illustrated notes

Levels and vault maps discovered:
D:1:      nagdon_arrival_double_spiral, layout_loops_ring,
          dilly_ecumenical_altar_fadedgnrine, minmay_ruptured
D:2:      layout_basic, uniq_jessica
D:3:      layout_rooms, serial_corexii_hall, chequers_hall_statues_corner_a,
          corexii_hall_statues_i, saegor_snake_ambush
D:4:      layout_loops_ring
D:5:      layout_loops_ring, supply_closet_lemuel

Skill      XL: |  1  2  3  4  5  6  7 |
---------------+----------------------+-----
Fighting       | 4 5 6 |  6.0
Axes           | 3 4 5 |  5.6
Throwing       | 1 2 |  2.5
Armour         | 4 5 |  5.0
Shields        | 4 |  4.9

Action                   |  1- 3 |  4- 6 |  7- 9 || total
-------------------------+-------+-------+-------++-------
Melee: War axe           |    64 |    67 |    30 ||   161
       Headbutt          |     6 |     9 |     4 ||    19
Throw: Boomerang         |       |    18 |     3 ||    21
  Use: Scroll            |     5 |    10 |       ||    15
       Potion            |       |       |     1 ||     1
Armor: Scale mail        |    53 |    31 |     8 ||    92
Dodge: Dodged            |    40 |    42 |    23 ||   105
Block: Buckler           |    13 |    12 |    11 ||    36

Table legend: (Time is in decaauts)
 A = Elapsed time spent in this place.
 B = Non-inter-level travel time spent in this place.
 C = Inter-level travel time spent in this place.
 D = Time resting spent in this place.
 E = Time spent auto-exploring this place.
 F = Levels seen in this place.
 G = Mean time per level.
                   A        B        C        D        E       F      G
               +--------+--------+--------+--------+--------+-----+--------+
         Total |   3038 |   2952 |     86 |     77 |   2036 |   5 |  607.6 |
       Dungeon |   3038 |   2952 |     86 |     77 |   2036 |   5 |  607.6 |
               +--------+--------+--------+--------+--------+-----+--------+

Top non-repeatable levels by time:
     D:3: 737 daAuts
     D:2: 688 daAuts
     D:1: 678 daAuts
     D:4: 567 daAuts
     D:5: 366 daAuts
